 Dungeon Crawl Stone Soup version 0.25-a0-665-ga69d64035b (webtiles) character file.

Game seed: 9489301306613828597, levelgen mode: deterministic

63521 Conn the Thaumaturge (level 15, -1/101 HPs)
             Began as an Octopode Wizard on Mar 26, 2020.
             Was a Believer of Sif Muna.
             Killed from afar by an orc wizard (9 damage)
             ... with a magic dart
             ... on level 1 of the Orcish Mines on Mar 27, 2020.
             The game lasted 02:30:35 (34459 turns).

Conn the Thaumaturge (Octopode Wizard)             Turns: 34459, Time: 02:30:35

Health: -1/101     AC:  3    Str: 13    XL:     15   Next: 10%
Magic:  36/39      EV: 19    Int: 30    God:    Sif Muna [**....]
Gold:   257        SH:  5    Dex: 13    Spells: 5/37 levels left

rFire    + + .     SeeInvis +   d - +12 rapier of Dedoing {speed, MR+}
rCold    . . .     Gourm    .   f - +0 buckler of the Princess {Int+7} (curse)
rNeg     + + .     Faith    +   a - +2 hat
rPois    .         Spirit   .   L - amulet of faith
rElec    .         Reflect  .   T - ring of wizardry
rCorr    .         Harm     .   j - ring of see invisible
MR       ++...                  U - ring of Altruism {rN+ Str+3 Int+2}
Stlth    ++++++....             Z - ring of stealth
HPRegen  0.26/turn              A - ring of magical power
MPRegen  0.26/turn              h - ring of Ficacuis {rF+ rC+ rN+}
                                e - ring of fire
                                (no ring)

@: no status effects
A: almost no armour, stealthy swim, amphibious, 8 rings, constrict 8, tentacle
spike 1, repulsion field 1, camouflage 1, agile 1, sense surroundings 1, weak 1,
gelatinous body 1
a: Channel Magic, Renounce Religion


You were on level 1 of the Orcish Mines.
You worshipped Sif Muna.
Sif Muna was pleased with you.
You were not hungry.

You visited 4 branches of the dungeon, and saw 21 of its levels.
You also visited: Sewer and Ice Cave.

You collected 1064 gold pieces.
You spent 807 gold pieces at shops.

Inventory:

Hand Weapons
 d - the +12 rapier of Dedoing (weapon) {speed, MR+}
   (You bought it in a shop on level 5 of the Dungeon)

   Attacks with this weapon are significantly faster.
   It affects your resistance to hostile enchantments.
 n - a +4 dagger of protection
 O - the +8 mace "Jifiofom" {freeze, +Rage rPois Int+4 Dex+4}
   (You took it off a kobold demonologist on level 11 of the Dungeon)

   It has been specially enchanted to freeze those struck by it, causing extra
   injury to most foes and up to half again as much damage against particularly
   susceptible opponents.
   It can also slow down cold-blooded creatures.
   It affects your intelligence (+4).
   It affects your dexterity (+4).
   It protects you from poison.
   It lets you go berserk.
Missiles
 b - 4 silver javelins (quivered)
 K - 81 sling bullets
 Q - 9 curare-tipped darts
Armour
 a - a +2 hat (worn)
 f - the cursed +0 buckler of the Princess (worn) {Int+7}
   (You found it on level 6 of the Lair of Beasts)

   It affects your intelligence (+7).
   It has a curse placed upon it.
 g - a +2 kite shield
 l - a +2 buckler of protection
Magical Staves
 p - an uncursed staff of poison
 X - an uncursed staff of wizardry
Jewellery
 e - a ring of fire (on tentacle)
 h - the ring of Ficacuis (on tentacle) {rF+ rC+ rN+}
   (You found it on level 6 of the Lair of Beasts)

   [ring of protection from cold]

   It protects you from fire.
   It protects you from cold.
   It protects you from negative energy.
 j - a ring of see invisible (right tentacle)
 A - a ring of magical power (on tentacle)
 L - an amulet of faith (around mantle)
 M - the ring "Jujychin" {*Tele rF+ Dex+3 Slay-5 SInv}
   (You found it on level 7 of the Dungeon)

   [ring of teleportation]

   It may teleport you next to monsters.
   It affects your dexterity (+3).
   It affects your accuracy and damage with ranged weapons and melee attacks
   (-5).
   It protects you from fire.
   It lets you see invisible.
 T - a ring of wizardry (left tentacle)
 U - the ring of Altruism (on tentacle) {rN+ Str+3 Int+2}
   (You acquired it on level 1 of the Lair of Beasts)

   [ring of positive energy]

   It affects your strength (+3).
   It affects your intelligence (+2).
   It protects you from negative energy.
 Z - a ring of stealth (on tentacle)
Wands
 r - a wand of acid (5)
 B - a wand of paralysis (11)
 D - a wand of enslavement (12)
 F - a wand of polymorph (49)
 J - a wand of iceblast (15)
 P - a wand of flame (58)
Scrolls
 i - 8 scrolls of remove curse
 q - 3 scrolls of fog
 v - 8 scrolls of magic mapping
 w - 2 scrolls of teleportation
 y - 11 scrolls of identify
 C - 2 scrolls of amnesia
 N - a scroll of brand weapon
Potions
 m - 4 potions of haste
 o - 3 potions of curing
 t - 5 potions of magic
 x - 4 potions of berserk rage
 z - 2 potions of might
 G - 2 potions of invisibility
 S - a potion of ambrosia
 W - 2 potions of resistance
 Y - 3 potions of heal wounds
Comestibles
 c - 30 rations
 s - 4 chunks of flesh


   Skills:
 * Level 9.3 Fighting
 + Level 9.2 Short Blades
 + Level 8.8 Maces & Flails
 + Level 1.2 Throwing
 + Level 8.0 Dodging
 - Level 7.7 Stealth
 + Level 6.1 Shields
 * Level 11.5 Spellcasting
 + Level 6.7 Conjurations
 + Level 3.0 Summonings
 - Level 5.1 Translocations
 + Level 1.2 Fire Magic
 + Level 6.5 Air Magic
 * Level 4.7 Earth Magic
 + Level 5.9 Poison Magic
 * Level 3.0 Invocations
 + Level 1.2 Evocations


You had 5 spell levels left.
You knew the following spells:

 Your Spells              Type           Power        Failure   Level  Hunger
a - Magic Dart            Conj           ####         1%          1    None
b - Blink                 Tloc           N/A          1%          2    None
c - Call Imp              Summ           #####...     1%          2    None
d - Conjure Flame         Conj/Fire      ######..     1%          3    None
e - Mephitic Cloud        Conj/Pois/Air  ######..     1%          3    None
f - Lee's Rapid Deconstr  Erth           #####.....   4%          5    ##.....
g - Petrify               Tmut/Erth      ####....     4%          4    None
h - Airstrike             Air            ######....   1%          4    None
i - Lightning Bolt        Conj/Air       ######....   2%          5    ##.....
j - Stone Arrow           Conj/Erth      ######       1%          3    None

Your spell library contained the following spells:

 Spells                   Type           Power        Failure   Level  Hunger
 Apportation              Tloc           #####.       1%          1    None
 Sandblast                Erth           #####.       1%          1    None
 Shock                    Conj/Air       ####         1%          1    None
 Summon Butterflies       Summ           #####...     1%          1    None
 Summon Small Mammal      Summ           ####         1%          1    None
 Passwall                 Tmut/Erth      ####....     1%          2    None
 Slow                     Hex            ###.....     1%          2    None
 Swiftness                Chrm/Air       #####...     1%          2    None
 Call Canine Familiar     Summ           #####...     1%          3    None
 Dazzling Flash           Conj/Hex       #####.       1%          3    None
 Lesser Beckoning         Tloc           #####.....   1%          3    None
 Static Discharge         Conj/Air       ######..     1%          3    None
 Summon Guardian Golem    Hex/Summ       ####....     1%          3    None
 Summon Lightning Spire   Summ/Air       #####...     1%          4    None
 Tukima's Dance           Hex            ###.....     3%          3    None
 Summon Ice Beast         Ice/Summ       ####....     6%          4    None
 Silence                  Hex/Air        #####.....   9%          5    ##.....
 Alistair's Intoxication  Tmut/Pois      #####...     10%         5    ##.....
 Invisibility             Hex            ###.....     86%         6    #####..


Dungeon Overview and Level Annotations

Branches:
Dungeon (13/15)            Temple (1/1) D:7            Lair (6/6) D:10
  Swamp (0/4) Lair:4        Snake (0/4) Lair:4        Slime (0/5) Lair:6
    Orc (1/2) D:10          Sewer (visited)           IceCv (visited)
 Vaults: D:13-14

Altars:
Ashenzari
Cheibriados
Dithmenos
Elyvilon
Fedhas
Gozag
Hepliaklqana
Kikubaaqudgha
Makhleb
Nemelex Xobeh
Okawaru
Qazlal
Ru
Sif Muna
Trog
Uskayaw
Vehumet
Wu Jian
Xom
Yredelemnul
Zin
The Shining One

Shops:
D:5 (   D:10 =


Innate Abilities, Weirdness & Mutations

You cannot wear most types of armour.
You are very stealthy in the water. (Stealth+)
You are amphibious.
You can wear up to eight rings at the same time.
You can use your tentacles to constrict eight enemies at once.
Your skin changes colour to match your surroundings (Stealth+).
Your rubbery body absorbs attacks. (AC +1, EV +1)
One of your tentacles bears a spike.
You are surrounded by a mild repulsion field. (EV +2)
You are agile. (Dex +2)
You passively map a small area around you.
You are weak. (Str -2)


Message History

Okay, then.
Okay, then.
Okay, then.
Unknown command.
Unknown command.
Casting: Blink (safe; 1% risk of failure)
Confirm with . or Enter, or press ? or * to list all spells.
You blink. 5 orcs, an orc warrior and 3 orc priests come into view.
The orc priest mumbles some strange prayers to Beogh against you.
Beogh smites you!
* * * LOW HITPOINT WARNING * * *
An orc comes into view.
It is wielding a +1 flail of protection.
An orc wizard comes into view. It is wielding a +0 dagger.
The orc priest invokes the aid of Beogh against you.
Beogh smites you!
* * * LOW HITPOINT WARNING * * *
The orc wizard gestures at you while chanting.
The magic dart hits you!
You die...

.$...................
.>........#.%........
.o.oToo§o............
$..%§§§§§§o§#§.......
..o§§§§§§§§§§#%.o...#,
...%§§§§§§§§§§.......
...§§§§§§§§§§........
....o§§.§§§.§o.#....
.%...%o@...##%##..#..
......oo....#.#......
, ......o..%$....#.#,
** ..............##.##
* ..oooo.o..%......<#
.o........#...##.##
.oo.oo.....#######
o..o..o....# ....., *


You could see a troll (inner flame), 5 orc warriors, 6 orc priests, 3 orc
wizards and 12 orcs.

Vanquished Creatures
  Rupert (Lair:6)
  Kirke (Lair:4)
  A frost giant (IceCv)
  6 dire elephants (Lair:6)
  Snorg (D:12)
  The ghost of Howlingfantods the Blocker, a journeyman MiFi of Okawaru (Lair:5)
  6 hydras
  Erolcha (D:12)
  Erica (D:9)
  An anaconda (Lair:6)
  A death knight (D:12)
  2 two-headed ogres
  Sonja (D:12)
  5 skeletal warriors (D:8)
  A wolf spider zombie (D:12)
  3 ugly things (D:11)
  3 oklob plants (Lair:1)
  4 elephants (Lair:6)
  2 black mambas
  An ice statue (IceCv)
  A gargoyle (D:11)
  2 kobold demonologists (D:11)
  3 rime drakes
  12 spiny frogs
  Maggie (Lair:2)
  4 komodo dragons
  15 polar bears
  4 trolls
  10 blink frogs
  6 slime creatures
  9 dream sheep
  9 hippogriffs
  A vampire (D:11)
  51 yaks
  A shadow (D:11)
  A wraith (D:12)
  A wyvern (D:8)
  A spriggan (Lair:3)
  4 basilisks
  A human (D:11)
  6 hogs
  A hungry ghost (D:9)
  A vampire mosquito (D:12)
  Menkaure (D:7)
  2 wargs (Orc:1)
  A naga (Lair:4)
  An acid dragon (D:10)
  A soldier ant (D:10)
  5 water moccasins
  4 porcupines
  2 sky beasts
  3 black bears
  7 orc warriors
  An eye of draining (D:10)
  An ice beast (D:8)
  2 phantoms
  26 wolves
  4 ogres
  6 centaurs
  2 big kobolds
  12 crocodiles
  15 bullfrogs
  2 gnoll sergeants (D:10)
  A wyvern skeleton (D:10)
  4 killer bees
  4 scorpions
  3 wights
  An electric eel (Lair:3)
  7 howler monkeys
  2 crimson imps
  2 bullfrog zombies
  2 quasits
  3 centaur zombies
  3 hounds
  14 jellies
  13 orc wizards
  2 bullfrog skeletons
  9 orc priests
  3 centaur skeletons
  5 iguanas
  Natasha (thrice) (D:2)
  14 worker ants
  3 killer bee zombies
  A hound zombie (D:11)
  A hound skeleton (D:4)
  9 gnolls
  3 river rats (Sewer)
  16 adders
  3 shadow imps
  19 oozes
  An adder skeleton (D:4)
  An adder zombie (D:8)
  2 worms
  3 leopard geckos
  38 orcs
  10 bats
  4 giant cockroaches
  A goblin (D:1)
  4 hobgoblins
  9 jackals
  14 kobolds
  4 quokkas
  12 ball pythons (Sewer)
  5 frilled lizards
  2 jackal skeletons
  A jackal zombie (D:6)
  A quokka skeleton (D:7)
  30 rats
  A fungus (Lair:6)
  2 plants (Lair:6)
581 creatures vanquished.

Vanquished Creatures (collateral kills)
  A worker ant (D:4)
  3 gnolls (D:4)
4 creatures vanquished.

Vanquished Creatures (others)
  2 humans (Lair:4)
  A bush (Lair:6)
  20 fungi
  12 plants
35 creatures vanquished.

Grand Total: 620 creatures vanquished

Notes
Turn   | Place    | Note
-------+----------+-------------------------------------------
     0 | D:1      | Conn the Octopode Wizard began the quest for the Orb.
     0 | D:1      | Reached XP level 1. HP: 11/11 MP: 4/4
   296 | D:1      | Reached XP level 2. HP: 9/17 MP: 6/6
   685 | D:1      | Reached XP level 3. HP: 13/21 MP: 0/8
   814 | D:1      | Learned a level 2 spell: Blink
   817 | D:1      | Learned a level 2 spell: Call Imp
   821 | D:1      | Learned a level 3 spell: Conjure Flame
  1382 | D:2      | You fall into a shaft and drop 1 floor!
  1425 | D:3      | Found a glowing drain.
  1446 | Sewer    | Entered a sewer
  1507 | Sewer    | Reached skill level 1 in Short Blades
  1507 | Sewer    | Reached skill level 4 in Spellcasting
  1507 | Sewer    | Reached XP level 4. HP: 27/27 MP: 10/10
  1809 | Sewer    | Reached XP level 5. HP: 32/32 MP: 11/11
  1862 | Sewer    | Reached skill level 1 in Fighting
  1865 | Sewer    | Reached XP level 6. HP: 17/38 MP: 12/12
  2297 | D:3      | Learned a level 3 spell: Mephitic Cloud
  2519 | D:3      | Found a burning altar of Makhleb.
  2521 | D:3      | Found a blossoming altar of Fedhas.
  2741 | D:3      | Found a shimmering blue altar of Sif Muna.
  2857 | D:2      | Noticed Natasha
  2868 | D:2      | Killed Natasha
  3088 | D:2      | Noticed Natasha
  3096 | D:2      | Killed Natasha
  3155 | D:2      | Noticed Natasha
  3163 | D:2      | Killed Natasha
  3650 | D:4      | Reached XP level 7. HP: 18/44 MP: 4/13
  4718 | D:5      | Entered Level 5 of the Dungeon
  5004 | D:5      | Found an iron altar of Okawaru.
  5108 | D:5      | Found Telacisch's Antique Weapon Emporium.
  5399 | D:5      | Reached skill level 5 in Spellcasting
  5399 | D:5      | Reached XP level 8. HP: 26/52 MP: 15/15
  5635 | D:6      | Reached skill level 1 in Shields
  5917 | D:5      | Bought an ichor-stained rapier for 207 gold pieces
  5920 | D:5      | Identified the +12 rapier of Dedoing {speed, MR+} (You
                  | bought it in a shop on level 5 of the Dungeon)
  6809 | D:7      | Found a staircase to the Ecumenical Temple.
  6828 | Temple   | Entered the Ecumenical Temple
  7081 | D:7      | Reached XP level 9. HP: 43/58 MP: 17/17
  7083 | D:7      | Reached skill level 5 in Dodging
  7087 | D:7      | Reached skill level 1 in Poison Magic
  7324 | D:7      | Got a clouded bronze ring
  7325 | D:7      | Identified the ring "Jujychin" {*Tele rF+ Dex+3 Slay-5
                  | SInv} (You found it on level 7 of the Dungeon)
  7704 | D:7      | Reached skill level 6 in Spellcasting
  7717 | D:7      | Noticed Menkaure
  7779 | D:7      | Reached skill level 5 in Short Blades
  7898 | D:7      | Killed Menkaure
  7898 | D:7      | Reached skill level 5 in Stealth
  8693 | D:8      | Reached skill level 5 in Fighting
  9054 | D:8      | Found a shadowy altar of Dithmenos.
  9245 | D:8      | Found a radiant altar of Vehumet.
  9312 | D:8      | Found the +15 Maxwell's patent armour {-Cast -Tele rElec
                  | MR+ rCorr}
  9840 | D:9      | Reached XP level 10. HP: 66/66 MP: 19/19
  9963 | D:9      | Noticed a skeletal warrior
  9966 | D:9      | Noticed a skeletal warrior
  9966 | D:9      | Noticed Erica
  9970 | D:9      | Noticed a skeletal warrior
  9971 | D:9      | Noticed a skeletal warrior
 10345 | D:8      | HP: 1/99 [skeletal warrior/+0 short sword[a skeletal
                  | warrior] (17)]
 10347 | D:8      | Killed a skeletal warrior
 10716 | D:9      | Killed Erica
 10716 | D:9      | Reached skill level 1 in Air Magic
 10717 | D:9      | Reached skill level 7 in Spellcasting
 10733 | D:9      | Reached skill level 1 in Throwing
 10971 | D:8      | Killed a skeletal warrior
 11719 | D:9      | Noticed a skeletal warrior
 12003 | D:8      | Killed a skeletal warrior
 12003 | D:8      | Reached skill level 5 in Shields
 12003 | D:8      | Reached XP level 11. HP: 39/72 MP: 19/22
 12225 | D:8      | Killed a skeletal warrior
 12225 | D:8      | Reached skill level 5 in Translocations
 13026 | D:8      | Killed a skeletal warrior
 13026 | D:8      | Reached skill level 8 in Spellcasting
 13323 | D:9      | Learned a level 3 spell: Static Discharge
 13326 | D:9      | Learned a level 2 spell: Swiftness
 13331 | D:9      | Learned a level 4 spell: Airstrike
 13337 | D:9      | Learned a level 5 spell: Lightning Bolt
 13346 | D:10     | Entered Level 10 of the Dungeon
 13421 | D:10     | You fall into a shaft and drop 2 floors!
 13465 | D:12     | Noticed Erolcha
 13480 | D:12     | Killed Erolcha
 13739 | D:12     | Noticed Snorg
 13797 | D:12     | HP: 3/74 [hippogriff (5)]
 13802 | D:12     | Noticed a death knight
 13828 | D:12     | Gained mutation: You are surrounded by a mild repulsion
                  | field. (EV +2) [potion of mutation]
 13828 | D:12     | Gained mutation: Scrolls take you a little longer to read.
                  | [potion of mutation]
 13828 | D:12     | Gained mutation: You are resistant to hostile enchantments.
                  | (MR+) [potion of mutation]
 13860 | D:12     | Killed a death knight
 13860 | D:12     | HP: 1/74 [mirror damage (14)]
 14226 | D:12     | Reached skill level 1 in Evocations
 14504 | D:11     | Noticed a white ugly thing
 14987 | D:12     | Killed Snorg
 15008 | D:12     | Found a radiant altar of Vehumet.
 15093 | D:12     | Noticed Sonja
 15368 | D:12     | Reached XP level 12. HP: 67/81 MP: 7/24
 15560 | D:12     | Killed Sonja
 15560 | D:12     | Reached skill level 1 in Fire Magic
 15862 | D:11     | Lost mutation: You are resistant to hostile enchantments.
                  | (MR+) [potion of mutation]
 15862 | D:11     | Lost mutation: Scrolls take you a little longer to read.
                  | [potion of mutation]
 15862 | D:11     | Gained mutation: One of your tentacles bears a spike.
                  | [potion of mutation]
 15862 | D:11     | Gained mutation: You are agile. (Dex +2) [potion of
                  | mutation]
 15862 | D:11     | Gained mutation: You are weak. (Str -2) [potion of
                  | mutation]
 15862 | D:11     | Gained mutation: You passively map a small area around you.
                  | [potion of mutation]
 16186 | D:13     | Noticed a two-headed ogre
 16201 | D:13     | Killed a two-headed ogre
 16201 | D:13     | Reached skill level 5 in Conjurations
 16290 | D:13     | Reached skill level 9 in Spellcasting
 16527 | D:11     | Identified a scroll of acquirement
 16527 | D:11     | Identified Sif Muna's Reference Book on Stolen Souls and
                  | Stones (You acquired it on level 11 of the Dungeon)
 16650 | D:11     | Identified the +8 mace "Jifiofom" {freeze, +Rage rPois
                  | Int+4 Dex+4}
 16655 | D:11     | Reached skill level 5 in Air Magic
 16667 | D:11     | Noticed a two-headed ogre
 16700 | D:11     | Killed a two-headed ogre
 17246 | D:11     | Reached skill level 1 in Maces & Flails
 17636 | D:10     | Found a staircase to the Orcish Mines.
 17751 | D:10     | Reached XP level 13. HP: 76/86 MP: 18/26
 18136 | D:10     | Found Veacuuwn's Jewellery Shop.
 18139 | D:10     | Bought an uncursed ring of wizardry for 360 gold pieces
 18303 | D:10     | Found a staircase to the Lair.
 18311 | Lair:1   | Entered Level 1 of the Lair of Beasts
 19086 | Lair:1   | Learned a level 3 spell: Stone Arrow
 19092 | Lair:1   | Learned a level 4 spell: Petrify
 19198 | Lair:1   | Identified the ring of Altruism {rN+ Str+3 Int+2} (You
                  | acquired it on level 1 of the Lair of Beasts)
 19598 | Lair:1   | Identified the Grimoire of Lethal Lightness
 20227 | Lair:1   | Reached skill level 1 in Earth Magic
 20507 | Lair:2   | Noticed Maggie
 20517 | Lair:2   | Killed Maggie
 20517 | Lair:2   | Reached skill level 5 in Maces & Flails
 20561 | Lair:2   | Found a frozen archway.
 20598 | IceCv    | Entered an ice cave
 20638 | IceCv    | Reached skill level 10 in Spellcasting
 21737 | IceCv    | Noticed a frost giant
 21758 | IceCv    | Killed a frost giant
 22011 | IceCv    | Got a transparent battleaxe
 22014 | IceCv    | Got a smoking halberd
 22247 | IceCv    | Identified the +6 battleaxe "Worm's Wrath" {vorpal, +Fly
                  | MR- Int-3 Dex+9} (You found it in an ice cave)
 22250 | IceCv    | Identified the +1 halberd "Arbiter" {venom, rF+ Str-5
                  | Dex+4} (You found it in an ice cave)
 23891 | Lair:3   | Learned a level 5 spell: Lee's Rapid Deconstruction
 23965 | Lair:3   | Reached XP level 14. HP: 78/94 MP: 21/28
 25023 | Lair:4   | Noticed Kirke
 25042 | Lair:4   | Killed Kirke
 25044 | Lair:4   | Reached skill level 5 in Poison Magic
 25135 | Lair:4   | Found a staircase to the Snake Pit.
 25163 | Lair:4   | Found a staircase to the Swamp.
 27703 | D:10     | Bought an uncursed ring of magical power for 240 gold
                  | pieces
 28167 | D:3      | Found a white marble altar of Elyvilon.
 28176 | D:3      | Became a worshipper of Sif Muna the Loreminder
 28662 | Lair:6   | Entered Level 6 of the Lair of Beasts
 29219 | Lair:6   | Found a runed translucent door.
 29219 | Lair:6   | Noticed Howlingfantods's ghost (journeyman MiFi)
 29451 | Lair:6   | Reached * piety under Sif Muna
 29673 | Lair:6   | Found a staircase to the Slime Pits.
 29876 | Lair:5   | Killed Howlingfantods's ghost
 29876 | Lair:5   | Reached skill level 11 in Spellcasting
 30052 | Lair:6   | Noticed Rupert
 30058 | Lair:6   | Paralysed by Rupert for 6 turns
 30433 | Lair:6   | Paralysed by Rupert for 7 turns
 30471 | Lair:6   | Killed Rupert
 31515 | Lair:6   | Noticed a dire elephant
 31779 | Lair:6   | Noticed a dire elephant
 31842 | Lair:6   | Killed a dire elephant
 31842 | Lair:6   | Reached skill level 1 in Invocations
 32443 | Lair:6   | Noticed a dire elephant
 32443 | Lair:6   | Noticed a dire elephant
 32460 | Lair:6   | Got a warped turquoise ring
 32462 | Lair:6   | Got a scorched buckler
 32469 | Lair:6   | Killed a dire elephant
 32740 | Lair:6   | Identified the cursed +0 buckler of the Princess {Int+7}
                  | (You found it on level 6 of the Lair of Beasts)
 32760 | Lair:6   | Killed a dire elephant
 33082 | Lair:6   | Noticed a dire elephant
 33107 | Lair:6   | Noticed a dire elephant
 33363 | Lair:6   | Killed a dire elephant
 33363 | Lair:6   | Reached XP level 15. HP: 67/101 MP: 16/30
 33909 | Lair:6   | Identified the ring of Ficacuis {rF+ rC+ rN+} (You found it
                  | on level 6 of the Lair of Beasts)
 34439 | Orc:1    | Entered Level 1 of the Orcish Mines
 34458 | Orc:1    | Reached ** piety under Sif Muna
 34459 | Orc:1    | Killed from afar by an orc wizard

Levels and vault maps discovered:
D:1:      dpeg_arrival_rooms_c, layout_basic, minmay_misc_feat_tower,
          grunt_decor_one_mirror
D:2:      layout_loops_ring, minmay_hedge_maze, uniq_natasha
D:3:      layout_basic, nicolae_overflow_hidden_temple, portal_sewer_entry_d
D:4:      layout_rooms
D:5:      layout_basic, old_standard_altar, serial_shops,
          nicolae_shop_overgrown_old_shop, first_ration
D:6:      layout_cave_pools
D:7:      layout_loops_ring, minmay_temple_entry_wispy, uniq_menkaure
D:8:      layout_layer_cave, grunt_temple_overflow_open
D:9:      layout_cross, serial_gnoll_camp, uniq_erica
D:10:     layout_cave_pools, erik_lair_dragon, orc_0_dummy, serial_shops,
          kennysheep_mini
D:11:     layout_loops_cross, grunt_livestock, minmay_radiant
D:12:     layout_stronghold, basic_altar, serial_column_ruins, column_ruins_hut,
          column_ruins_corridor_water, column_ruins_open_tiny,
          column_ruins_open_small, column_ruins_columns_straight,
          column_ruins_open_tiny, column_ruins_open_medium, serial_park_tiny_2,
          hangedman_decor_lopped, uniq_sonja, uniq_erolcha, uniq_snorg
D:13:     evilmike_diamond_1, layout_irregular_city,
          lightli_vaults_fourway_checkpoint, serial_shops, nicolae_shop_stone,
          uniq_nessos, uniq_maurice
Temple:   regret_index_temple_waves
Lair:1:   lemuel_slime, layout_cave_pods, minmay_lair_oklob_chamber,
          lemuel_fruit_tree
Lair:2:   layout_chaotic_city, portal_ice_cave_entry_pillars_1,
          guppyfry_lair_drakes, uniq_maggie
Lair:3:   layout_gridlike, grunt_forest_stairs_clearing
Lair:4:   layout_regular_city, swamp_mist, guppyfry_snake_entry_island,
          chequers_serial_rivers_small_3, uniq_kirke
Lair:5:   layout_layer_cave
Lair:6:   due_jungle_book, layout_regular_city, nicolae_slime_entry_slimehenge,
          hellmonk_ghost_happy_afterlife, grunt_megastairs_2,
          serial_bayou_shore_b, infiniplex_staircase_pool, uniq_rupert
Orc:1:    layout_caves

Skill      XL: |  1  2  3  4  5  6  7  8  9 10 11 12 13 14 15 |
---------------+----------------------------------------------+-----
Stealth        | 3 4 5 6 7 |  7.7
Short Blades   | 1 2 3 4 5 6 7 9 |  9.2
Spellcasting   | 4 5 6 7 8 9 10 11 | 11.5
Fighting       | 1 3 4 5 7 8 9 |  9.3
Conjurations   | 2 3 4 6 |  6.7
Dodging        | 3 4 5 6 7 8 |  8.0
Summonings     | 2 3 |  3.0
Shields        | 2 3 5 6 |  6.1
Translocations | 2 3 4 5 |  5.1
Poison Magic   | 1 3 4 5 |  5.9
Air Magic      | 1 3 5 6 |  6.5
Throwing       | 1 |  1.2
Evocations     | 1 |  1.2
Fire Magic     | 1 |  1.2
Maces & Flails | 1 6 8 |  8.8
Earth Magic    | 2 4 |  4.7
Invocations    | 2 3 |  3.0

Action                   |  1- 3 |  4- 6 |  7- 9 | 10-12 | 13-15 || total
-------------------------+-------+-------+-------+-------+-------++-------
Melee: Short sword       |    28 |       |       |       |       ||    28
       Dagger            |    27 |   149 |   146 |       |       ||   322
       Constrict         |    10 |    33 |    50 |    60 |    68 ||   221
       Tentacles         |     4 |    18 |    31 |    82 |   178 ||   313
       Rapier            |       |       |   175 |   430 |    16 ||   621
       Mace              |       |       |       |    48 |   734 ||   782
       Kick              |       |       |       |    43 |   268 ||   311
Throw: Javelin           |       |       |     5 |    10 |       ||    15
 Cast: Magic Dart        |    27 |    23 |    47 |    80 |    57 ||   234
       Call Imp          |       |     4 |     4 |    14 |     2 ||    24
       Mephitic Cloud    |       |       |     6 |    52 |   129 ||   187
       Conjure Flame     |       |       |     3 |    22 |     3 ||    28
       Blink             |       |       |       |    19 |    57 ||    76
       Airstrike         |       |       |       |     6 |    63 ||    69
       Lightning Bolt    |       |       |       |       |    24 ||    24
       Stone Arrow       |       |       |       |       |     8 ||     8
       Lee's Rapid Decon |       |       |       |       |    16 ||    16
       Petrify           |       |       |       |       |     1 ||     1
Invok: Channel Magic     |       |       |       |       |     1 ||     1
Evoke: Wand              |       |       |     2 |    10 |    10 ||    22
  Use: Potion            |       |     4 |     7 |    16 |     8 ||    35
       Scroll            |       |       |    13 |     6 |    16 ||    35
 Stab: Sleeping          |       |     3 |    11 |     2 |    11 ||    27
       Confused          |       |       |     2 |    16 |    55 ||    73
       Invisible         |       |       |       |     1 |       ||     1
       Distracted        |       |       |       |     1 |     3 ||     4
  Eat: Chunk             |     2 |     6 |    15 |    13 |    30 ||    66
       Ration            |       |       |     1 |     4 |     8 ||    13
Armor: Skin              |     8 |    85 |    53 |    45 |    68 ||   259
Dodge: Dodged            |    40 |   152 |   167 |   221 |   572 ||  1152
Block: Kite shield       |       |       |    41 |       |       ||    41
       Buckler           |       |       |       |    28 |   239 ||   267

Table legend:
 A = Non-vault XP
 B = Vault XP
 C = Vault XP percentage of total XP
 D = Non-vault monster count
 E = Vault monster count
 F = Vault count percentage of total count
                 A         B        C        D         E       F
            +---------+---------+-------+---------+---------+-------
      Total |   61028 |   29717 |  32.7 |     422 |     160 |  27.5
            +---------+---------+-------+---------+---------+-------
        D:1 |      43 |       0 |   0.0 |      24 |       0 |   0.0
        D:2 |      86 |      35 |  28.9 |       9 |       1 |  10.0
        D:3 |      49 |      13 |  21.0 |      13 |       1 |   7.1
        D:4 |     398 |       0 |   0.0 |      25 |       0 |   0.0
        D:5 |     348 |       0 |   0.0 |       8 |       0 |   0.0
        D:6 |     535 |       0 |   0.0 |      13 |       0 |   0.0
        D:7 |    1573 |     169 |   9.7 |      36 |       1 |   2.7
        D:8 |    5026 |       0 |   0.0 |      26 |       0 |   0.0
        D:9 |    1523 |     845 |  35.7 |      19 |       1 |   5.0
       D:10 |    2526 |     667 |  20.9 |      33 |       5 |  13.2
       D:11 |    7699 |    2343 |  23.3 |      49 |       8 |  14.0
       D:12 |    5263 |    2838 |  35.0 |      32 |       3 |   8.6
       D:13 |    1525 |       0 |   0.0 |       8 |       0 |   0.0
     Temple |      48 |       0 |   0.0 |       1 |       0 |   0.0
     Lair:1 |    4286 |    2757 |  39.1 |      17 |      27 |  61.4
     Lair:2 |    4788 |     838 |  14.9 |      21 |       3 |  12.5
     Lair:3 |    1484 |     899 |  37.7 |       4 |       6 |  60.0
     Lair:4 |    2890 |    2134 |  42.5 |      15 |       4 |  21.1
     Lair:5 |    5269 |    1029 |  16.3 |      15 |       1 |   6.2
     Lair:6 |   14491 |    6807 |  32.0 |      38 |      15 |  28.3
      Orc:1 |    1178 |       0 |   0.0 |      16 |       0 |   0.0
      Sewer |       0 |     334 | 100.0 |       0 |      48 | 100.0
      IceCv |       0 |    8009 | 100.0 |       0 |      36 | 100.0
            +---------+---------+-------+---------+---------+-------
